 Dungeon Crawl Stone Soup version 0.31-a0-810-ga77100ea1a (webtiles) character file.

Game seed: 3768173535184726529

14 Alacron the Cudgeller (level 2, -8/16 (24) HPs)
             Began as a Meteoran Reaver on Sept 21, 2023.
             Mangled by a gnoll
             ... wielding a +0 whip
              (10 damage)
             ... on level 2 of the Dungeon.
             The game lasted 00:05:18 (488 turns).

Alacron the Cudgeller (Meteoran Reaver)              Turns: 488, Time: 00:05:19

HP:   -8/16 (24)    AC:  3    Str: 13    XL:     2   Next: 82%
MP:   0/6           EV: 12    Int: 14    God:
Gold: 73            SH:  0    Dex: 12    Spells: 5/6 levels left

rFire   . . .        a - +0 mace
rCold   . . .        (no shield)
rNeg    . . .        b - +0 leather armour
rPois   .            (no helmet)
rElec   .            (no cloak)
rCorr   .            (no gloves)
SInv    .            (no boots)
Will    .....        c - amulet of guardian spirit
Stlth   +            (no ring)
HPRegen 0.22/turn    (no ring)
MPRegen 0.10/turn

%: guardian spirit
@: glowing, very heavily drained
A: sense surroundings 1, otherworldly, glowing, explore regen
a: no special abilities


You were on level 2 of the Dungeon.
You visited 1 branch of the dungeon, and saw 2 of its levels.

You collected 73 gold pieces.

Inventory:

Hand Weapons
 a - a +0 mace (weapon)
Armour
 b - a +0 leather armour (worn)
Jewellery
 c - an amulet of guardian spirit (around neck)
Scrolls
 d - a scroll of noise
Potions
 e - a potion of enlightenment


   Skills:
 + Level 2.1 Fighting
 + Level 4.4 Maces & Flails
 + Level 0.1 Armour
 + Level 2.5 Dodging
 + Level 2.7 Spellcasting
 + Level 3.9 Conjurations


You had 5 spell levels left.
You knew the following spells:

 Your Spells              Type           Power      Damage    Failure   Level
a - Kiss of Death         Conj/Necr      28%        2d7       13%         1

Your spell library contained the following spells:

 Spells                   Type           Power      Damage    Failure   Level
 Momentum Strike          Conj/Tloc      14%        3d8       19%         2
 Hailstorm                Conj/Ice       7%         3d4       36%         3
 Lesser Beckoning         Tloc           2%         N/A       38%         2
 Gell's Gravitas          Tloc           1%         N/A       63%         3
 Teleport Other           Tloc           1%         N/A       63%         3


Dungeon Overview and Level Annotations

Branches:
Dungeon (2/15) Zot: 703

Altars:


Innate Abilities, Weirdness & Mutations

You passively map a small area around you.
You are easily found by Zot.
You glow in the dark.
You regain HP and MP as you explore.


Message History

You open the door.
There is an open door here.
Found a stone staircase leading down.
Found 6 stones.
There is a stone staircase leading down here.
You see here 6 stones.
You see here a ball python skeleton.
There is an open door here.
Done exploring.
Done exploring.
There is a stone staircase leading down here.
You climb downwards.
The goblin shouts!
You hear a shout!
Found a scroll labelled BUS WAWETI.
There is a stone staircase leading up here.
A goblin is nearby!
You climb upwards.
There is a stone staircase leading down here.
You climb downwards.
The goblin hits you but does no damage.
There is a stone staircase leading up here.
You closely miss the goblin.
A gnoll comes into view. It is wielding a +0 whip.
The goblin hits you with a +0 club.
You miss the goblin. The goblin hits you with a +0 club.
You are too injured to fight recklessly!
You are too injured to fight recklessly!
You are too injured to fight recklessly!
You hit the goblin.
The goblin is heavily wounded.
The goblin hits you with a +0 club. x2
You hit the goblin but do no damage.
The goblin is heavily wounded.
The gnoll hits you with a +0 whip!
* * * LOW HITPOINT WARNING * * *
The goblin barely misses you.
You hit the goblin.
You kill the goblin!
The gnoll hits you with a +0 whip!
Ouch! That really hurt!
You die...

* *, #..# *
* #..# , ,
#..##### * ,
####...... ,
, #.?.....#
*
,,+.......#
* #..)....#
* #...@g..#
* #.......#
,
####+###..PP
, , * * ,PP.
* * * P , ,
+* , , , , ,
, , , , , ,
,


You could see a gnoll.

Vanquished Creatures
  An endoplasm (D:1)
  3 goblins
  2 hobgoblins (D:1)
  2 quokkas (D:1)
  2 ball pythons (D:1)
  2 bats (D:1)
  2 rats (D:1)
14 creatures vanquished.

Notes
Turn   | Place    | Note
-------+----------+-------------------------------------------
     0 | D:1      | Alacron the Meteoran Reaver began the quest for the Orb.
     0 | D:1      | Reached XP level 1. HP: 17/17 MP: 5/5
   163 | D:1      | Reached XP level 2. HP: 24/24 MP: 6/6
   183 | D:1      | Found a faded altar of an unknown god.
   488 | D:2      | Mangled by a gnoll

Illustrated notes

Levels and vault maps discovered:
D:1:      minmay_arrival_stone_box, layout_basic,
          ebering_ecumenical_altar_abandoned
D:2:      layout_basic, basic_altar, nicolae_shop_unique_rings,
          nicolae_grassy_gnolls

Action                     || total
---------------------------++-------
  Melee: Mace              ||    39
   Cast: Kiss of Death     ||     2
    Use: Scroll            ||     2
         Potion            ||     1
 Armour: Leather armour    ||    30
  Dodge: Dodged            ||    22

Table legend: (Time is in decaauts)
 A = Elapsed time spent in this place.
 B = Non-inter-level travel time spent in this place.
 C = Inter-level travel time spent in this place.
 D = Time resting spent in this place.
 E = Time spent auto-exploring this place.
 F = Levels seen in this place.
 G = Mean time per level.
                   A        B        C        D        E       F      G
               +--------+--------+--------+--------+--------+-----+--------+
         Total |    495 |    466 |     29 |      0 |    350 |   2 |  247.5 |
       Dungeon |    495 |    466 |     29 |      0 |    350 |   2 |  247.5 |
               +--------+--------+--------+--------+--------+-----+--------+

Top non-repeatable levels by time:
     D:1: 487 daAuts
     D:2: 7 daAuts
